 Dungeon Crawl Stone Soup version 0.18-a0-1773-gec4f98e (webtiles) character file.

807 Leibowitz the Poker (level 7, -2/54 HPs)
             Began as a Merfolk Gladiator on Apr 15, 2016.
             Slain by Potsanchik's ghost (14 damage)
             ... on level 4 of the Dungeon.
             The game lasted 00:11:04 (3886 turns).

Leibowitz the Poker (Merfolk Gladiator)             Turns: 3886, Time: 00:11:05

Health: -2/54      AC:  9    Str: 16    XL:     7   Next: 92%
Magic:  7/7        EV: 10    Int:  7    God:
Gold:   198        SH:  0    Dex: 16    Spells: 0 memorised, 6 levels left

rFire  . . .     SeeInvis .     a - +0 trident
rCold  . . .     Gourm    .     k - +3 ring mail
rNeg   . . .     Faith    .     (no shield)
rPois  .         Spirit   .     c - +0 helmet
rElec  .         Dismiss  .     (no cloak)
rCorr  .         Reflect  .     (no gloves)
SustAt .         Harm     .     (no boots)
MR     .....                    (no amulet)
Stlth  ++........               (no ring)
                                (no ring)

@: not resistant to hostile enchantments, unstealthy
A: change form in water, swift swim
a: no special abilities


You were on level 4 of the Dungeon.
You were not hungry.

You visited 1 branch of the dungeon, and saw 4 of its levels.

You collected 198 gold pieces.

Inventory:

Hand Weapons
 a - a +0 trident (weapon)
Missiles
 o - a throwing net (quivered)
Armour
 c - a +0 helmet (worn)
 k - a +3 ring mail (worn)
Jewellery
 p - an uncursed ring of protection from cold {unknown}
Wands
 n - a wand of confusion (24/48)
Scrolls
 e - a scroll of enchant armour {unknown}
 h - 2 scrolls of identify {unknown}
 j - a scroll of remove curse {unknown}
 l - a scroll of noise {unknown}
 m - a scroll of immolation {unknown}
 q - a scroll of fog {unknown}
 t - a scroll of teleportation {unknown}
Potions
 b - 4 potions of curing {unknown}
 d - 2 potions of degeneration {unknown}
 g - a potion of might {unknown}
Comestibles
 f - 3 bread rations
 i - a slice of pizza
 r - 3 fruits


   Skills:
 * Level 4.1 Fighting
 * Level 7.9 Polearms
 - Level 2.0 Throwing
 * Level 2.2 Armour
 * Level 7.1 Dodging
 * Level 3.3 Stealth


You had 6 spell levels left.
You didn't know any spells.

Dungeon Overview and Level Annotations

Branches:
Dungeon (4/15)
 Temple: D:4-7

Altars:
Ashenzari
Dithmenos
Makhleb
Ru
Zin

Annotations:
D:4 Potsanchik's ghost, amateur FeCK


Message History

Potsanchik's ghost is heavily damaged.
Potsanchik's ghost closely misses you.
You hit Potsanchik's ghost but do no damage.
Potsanchik's ghost is heavily damaged.
Potsanchik's ghost hits you!
You barely miss Potsanchik's ghost.
Potsanchik's ghost is heavily damaged.
Potsanchik's ghost hits you but does no damage.
You miss Potsanchik's ghost.
Potsanchik's ghost is heavily damaged.
Potsanchik's ghost hits you.
You miss Potsanchik's ghost.
Potsanchik's ghost is heavily damaged.
Potsanchik's ghost hits you.
You puncture Potsanchik's ghost!
Potsanchik's ghost is almost destroyed.
Potsanchik's ghost hits you!
* * * LOW HITPOINT WARNING * * *
Potsanchik's ghost hits you!
You die...

. .. #............# #.
#.##)####.##.####
#.##.##.####.##.#
#............##.#
#......########.## ##
#.##...## #...# #.
######.#.....#
#...######.
.......#.....#
#........#.
#......W@######...####.#.
#..##...###............#.
#........................
#..#....###....).......#.
#.......# ###.#...#.##.##
....#.##.# #.#.....)..##
..#.......# #.#...#.#####
##......##.#
#.#...#)##### #......##.#
#.##.........


You could see Potsanchik's ghost.

Vanquished Creatures
  Grinder (D:4)
  Sigmund (D:3)
  An ogre (D:4)
  The ghost of removemottled the Sneak, an amateur VSAs (D:3)
  2 howler monkeys (D:4)
  An orc wizard (D:3)
  Jessica (D:2)
  A worker ant (D:4)
  A hound skeleton (D:4)
  3 gnolls
  3 adders
  2 adder zombies
  3 worms (D:2)
  A dart slug (D:1)
  3 giant geckos
  3 orcs
  3 giant cockroaches
  4 goblins
  5 hobgoblins
  6 jackals
  3 quokkas
  3 ball pythons
  6 bats
  A giant gecko skeleton (D:4)
  4 giant newts
  8 kobolds
  A quokka skeleton (D:4)
  A quokka zombie (D:1)
  9 rats
82 creatures vanquished.

Vanquished Creatures (others)
  A giant cockroach (D:2)
  A bat (D:2)
2 creatures vanquished.

Grand Total: 84 creatures vanquished

Notes
Turn   | Place    | Note
--------------------------------------------------------------
     0 | D:1      | Leibowitz the Merfolk Gladiator began the quest for the Orb.
     0 | D:1      | Reached XP level 1. HP: 16/16 MP: 1/1
   135 | D:1      | Reached XP level 2. HP: 22/22 MP: 2/2
   751 | D:1      | Reached XP level 3. HP: 27/27 MP: 3/3
  1180 | D:1      | Reached skill level 5 in Dodging
  1184 | D:1      | Reached skill level 5 in Polearms
  1210 | D:1      | Reached skill level 1 in Stealth
  1210 | D:1      | Reached XP level 4. HP: 27/34 MP: 4/4
  1803 | D:2      | Noticed Jessica
  1806 | D:2      | Killed Jessica
  1806 | D:2      | Reached skill level 1 in Armour
  1806 | D:2      | Reached XP level 5. HP: 39/40 MP: 5/5
  1976 | D:2      | Found a shattered altar of Ashenzari.
  2208 | D:3      | Found a burning altar of Makhleb.
  2212 | D:3      | Found a glowing silver altar of Zin.
  2212 | D:3      | Noticed an angel
  2212 | D:3      | Noticed a blizzard demon
  2730 | D:3      | Noticed Sigmund
  2752 | D:3      | Killed Sigmund
  2752 | D:3      | Reached XP level 6. HP: 32/47 MP: 6/6
  3139 | D:3      | Noticed removemottled's ghost (amateur VSAs)
  3159 | D:3      | Killed removemottled's ghost
  3220 | D:4      | Noticed Grinder
  3278 | D:4      | Reached XP level 7. HP: 52/52 MP: 7/7
  3538 | D:4      | Found a shadowy altar of Dithmenos.
  3598 | D:4      | Paralysed by Grinder for 3 turns
  3619 | D:4      | Killed Grinder
  3778 | D:4      | Found a sacrificial altar of Ru.
  3859 | D:4      | Noticed Potsanchik's ghost (amateur FeCK)
  3886 | D:4      | Slain by Potsanchik's ghost

Vault maps used:
D:1:      saegor_arrival_fortress
D:2:      ashenzari_altar_1, first_bread, lemuel_old_faithful, uniq_jessica
D:3:      grunt_temple_overflow_order_and_chaos_2, kennysheep_generic_room_3,
          uniq_sigmund
D:4:      nicolae_dithmenos_the_darkroom, led_sif_book,
          nicolae_ru_the_path_less_chosen, uniq_grinder

Skill      XL: |  1  2  3  4  5  6  7 |
---------------+----------------------+-----
Dodging        | 5 6 7 |  7.1
Polearms       | 5 6 7 |  7.9
Stealth        | 1 2 3 |  3.3
Armour         | 1 2 |  2.2
Fighting       | 3 4 |  4.1
Throwing       | |  2.0

Action                   |  1- 3 |  4- 6 |  7- 9 || total
-------------------------+-------+-------+-------++-------
Melee: Trident           |    80 |   211 |    84 ||   375
       Tailslap          |     3 |       |       ||     3
Throw: Throwing net      |     2 |     2 |       ||     4
Evoke: Wand              |       |     1 |     1 ||     2
 Stab: Held in net/web   |     1 |     1 |       ||     2
       Confused          |       |     1 |     3 ||     4
       Distracted        |       |     1 |       ||     1
       Sleeping          |       |       |     2 ||     2
  Eat: Chunk             |     1 |     6 |     3 ||    10
Armor: Leather armour    |    13 |    16 |       ||    29
       Ring mail         |       |    44 |    18 ||    62
Dodge: Dodged            |    61 |   125 |    53 ||   239
